 Dungeon Crawl Stone Soup version 0.31-a0-983-g7b6862f502 (webtiles) character file.

Game seed: 4000222662219477992

1668 croobank the Insei (level 8, -2/100 HPs)
             Began as a Demigod Shapeshifter on Nov 3, 2023.
             Slain by a vampire mosquito (7 damage)
             ... on level 6 of the Dungeon.
             The game lasted 00:24:45 (8093 turns).

croobank the Insei (Demigod Shapeshifter)           Turns: 8093, Time: 00:24:46

Health: -2/100     AC: 24    Str: 15    XL:     8   Next: 42%
Magic:  10/10      EV:  2    Int: 16    God:
Gold:   268        SH:  0    Dex: 12    Spells: 7/7 levels left

rFire   . . .        t - +5 flail "Aplif" {venom, Fly rElec Will+++ Dex-5}
rCold   . . .        (no shield)
rNeg    . . .        e - melded +0 ring mail
rPois   +            o - melded +0 helmet
rElec   +            p - melded +2 cloak
rCorr   .            i - melded +2 pair of gloves
SInv    .            l - melded +0 pair of boots
Will    +++..        (no amulet)
Stlth   +            (no ring)
HPRegen 0.36/turn    (no ring)
MPRegen 0.12/turn

%: no passive effects
@: tree-form (expiring), hasted, very quick
A: stationary, stasis, torment immunity, boosted hp, high MP 1, forlorn, divine
attributes
a: no special abilities


You were on level 6 of the Dungeon.
You were a tree.
You visited 1 branch of the dungeon, and saw 7 of its levels.
You also visited: Ossuary.

You collected 268 gold pieces.

Inventory:

Hand Weapons
 a - a +2 dagger of venom
 k - a +2 heavy mace
 t - the +5 flail "Aplif" (weapon) {venom, Fly rElec Will+++ Dex-5}
   (You found it on level 6 of the Dungeon)

   Dex-5:     It affects your dexterity (-5).
   rElec:     It insulates you from electricity.
   Will+++:   It greatly increases your willpower.
   Fly:       It grants you flight.
Missiles
 j - 8 poisoned darts (quivered)
 m - 3 javelins
 y - 4 boomerangs
 B - a throwing net
Armour
 e - a +0 ring mail (melded)
 i - a +2 pair of gloves (melded)
 l - a +0 pair of boots (melded)
 o - a +0 helmet (melded)
 p - a +2 cloak (melded)
 x - a +0 buckler
Talismans
 c - a beast talisman (active)
 d - a flux talisman
 A - a serpent talisman
Wands
 n - a wand of digging (5)
Scrolls
 v - 2 scrolls of poison
 w - 2 scrolls of immolation
 C - a scroll of identify
Potions
 f - a potion of brilliance
 g - a potion of invisibility
 h - a potion of resistance
 q - a potion of attraction
 r - a potion of haste
 s - a potion of curing
 u - a potion of cancellation


   Skills:
 + Level 4.8 Fighting
 * Level 2.5 Maces & Flails
 + Level 5.1 Dodging
 + Level 1.5 Shields
 - Level 5.2 Unarmed Combat
 + Level 5.1 Shapeshifting


You had 7 spell levels left.
You didn't know any spells.
Your spell library contained the following spells:

 Spells                   Type           Power      Damage    Failure   Level
 Cigotuvi's Dreadful Rot  Necr/Pois/Air  0%         N/A       36%         2
 Dazzling Flash           Conj/Hex       0%         N/A       58%         3
 Ignite Poison            Fire/Tmut/Pois 0%         N/A       58%         3
 Tukima's Dance           Hex            0%         N/A       58%         3
 Passage of Golubria      Tloc           0%         N/A       94%         4
 Agony                    Necr           0%         N/A       100%        5
 Freezing Cloud           Conj/Ice/Air   0%         6-21      100%        5
 Silence                  Hex/Air        0%         N/A       100%        5
 Yara's Violent Unravell  Hex/Tmut       0%         3d3       100%        5


Dungeon Overview and Level Annotations

Branches:
Dungeon (7/15)            Ossuary (visited)
 Temple: D:4-7

Annotations:
D:2 1 runed translucent door, Crazy Yiuf
D:6 2 transporters, demibob's ghost, novice DECK


Innate Abilities, Weirdness & Mutations

You are a tree.
Your roots penetrate the ground, keeping you stationary.
You cannot be teleported.
You are immune to unholy pain and torment.
Your maximum health is greatly increased.
Your equipment is partially melded.
You have an increased reservoir of magic. (+10% MP)
You shall have no god before yourself.
Your divine heritage dramatically boosts your attributes as you level up.


Message History

The vampire mosquito bites you but does no damage. x2
You hit the vampire mosquito.
The vampire mosquito is lightly damaged.
The vampire mosquito bites you but does no damage.
The vampire mosquito barely misses you.
The vampire mosquito bites you but does no damage.
You closely miss the vampire mosquito.
You punch the vampire mosquito, but do no damage.
The vampire mosquito is lightly damaged.
The vampire mosquito bites you but does no damage.
You sock the vampire mosquito!
You punch the vampire mosquito, but do no damage.
The vampire mosquito is heavily damaged.
The vampire mosquito bites you but does no damage. x3
You closely miss the vampire mosquito. You punch the vampire mosquito.
The vampire mosquito is severely damaged.
The vampire mosquito bites you but does no damage. x2
The vampire mosquito bites you.
* * * LOW HITPOINT WARNING * * *
The vampire mosquito draws strength from your injuries!
You sock the vampire mosquito!
The vampire mosquito is almost destroyed.
The vampire mosquito bites you.
* * * LOW HITPOINT WARNING * * *
The vampire mosquito draws strength from your injuries!
The vampire mosquito bites you but does no damage.
The vampire mosquito bites you.
* * * LOW HITPOINT WARNING * * *
The vampire mosquito draws strength from your injuries!
You thump the vampire mosquito!
You destroy the vampire mosquito!
The vampire mosquito bites you.
* * * LOW HITPOINT WARNING * * *
The vampire mosquito draws strength from your injuries!
The vampire mosquito bites you but does no damage.
You sock the vampire mosquito!
The vampire mosquito is moderately damaged.
You flicker back into view.
The vampire mosquito bites you!
You die...

..###............)..............#
.......#.#....##)).............##
......##.##.......##....#.......#
.#.#...#.#...(#.................#
.####.........#........#......(##
..#.##........#................##
..............#........#........#
......#..........y.....##.##....#
....(.#.........♣......#...###.##
..........#.................####
.###......................###
###........#..............### #
#...................)..<#.##
###.................#........##
.##.#.#)).......##..##........#
....#.#<)........#.###......###
..#...#[.##........# ######.#


You could see a vampire mosquito.

Vanquished Creatures
  Sigmund (D:3)
  A vampire mosquito (D:6)
  2 water moccasins
  2 sky beasts (D:6)
  2 ogres
  A centaur (D:5)
  2 scorpions
  A killer bee (D:6)
  2 hounds
  An orc priest (D:6)
  A jelly (D:4)
  An orc wizard (D:5)
  14 mummies
  6 gnolls
  4 adders
  2 white imps
  3 worms (D:4)
  A dart slug (D:2)
  11 orcs
  7 ball pythons
  10 endoplasms
  2 giant cockroaches (D:4)
  7 goblins
  7 hobgoblins
  3 jackals (D:4)
  3 quokkas
  10 bats
  3 frilled lizards
  3 gnoll skeletons (Ossuary)
  4 goblin skeletons (Ossuary)
  2 goblin zombies (D:4)
  6 kobolds
  A kobold skeleton (Ossuary)
  2 rats
  11 rat skeletons (Ossuary)
139 creatures vanquished.

Notes
Turn   | Place    | Note
-------+----------+-------------------------------------------
     0 | D:1      | croobank the Demigod Shapeshifter began the quest for the
                  | Orb.
     0 | D:1      | Reached XP level 1. HP: 15/15 MP: 3/3
    86 | D:1      | Reached skill level 1 in Fighting
   235 | D:1      | Reached XP level 2. HP: 22/23 MP: 4/4
   796 | D:2      | Reached XP level 3. HP: 27/28 MP: 5/5
   855 | D:2      | Found a runed translucent door.
   856 | D:2      | Noticed Crazy Yiuf
  2086 | D:3      | Noticed Sigmund
  2107 | D:3      | Killed Sigmund
  2108 | D:3      | Reached XP level 4. HP: 35/37 MP: 6/6
  2108 | D:3      | Reached XP level 5. HP: 40/42 MP: 7/7
  2467 | D:4      | Found a sand-covered staircase.
  2631 | Ossuary  | Entered an ossuary
  2909 | Ossuary  | HP: 2/44 [mummy (14)]
  3097 | Ossuary  | Reached XP level 6. HP: 36/50 MP: 8/8
  4940 | D:5      | Entered Level 5 of the Dungeon
  4979 | D:5      | Noticed a water moccasin
  5244 | D:4      | Killed a water moccasin
  5245 | D:4      | Reached XP level 7. HP: 52/57 MP: 9/9
  6172 | D:6      | Identified the +5 flail "Aplif" {venom, Fly rElec Will+++
                  | Dex-5}
  6379 | D:6      | Found a transporter.
  6382 | D:6      | Noticed demibob's ghost (novice DECK)
  6491 | D:6      | Reached skill level 5 in Unarmed Combat
  6714 | D:6      | Found a transporter.
  6797 | D:6      | Reached XP level 8. HP: 26/67 MP: 10/10
  6941 | D:6      | Reached skill level 1 in Maces & Flails
  6995 | D:5      | Reached skill level 5 in Shapeshifting
  7249 | D:5      | Reached skill level 1 in Shields
  7409 | D:5      | Reached skill level 5 in Dodging
  8092 | D:6      | HP: 5/100 [vampire mosquito (4)]
  8093 | D:6      | Slain by a vampire mosquito

Illustrated notes

Levels and vault maps discovered:
D:1:      scummos_arrival_gate, layout_rooms, minivault_14
D:2:      layout_loops_cross, chequers_ecumenical_altar_simple,
          reono_crystal_passage, uniq_crazy_yiuf_cottage
D:3:      layout_basic, minmay_misc_feat_ornament, uniq_sigmund
D:4:      layout_rooms, nicolae_overflow_hallway_of_the_gods,
          nicolae_ossuary_entry_giza
D:5:      layout_cave_pools, mainiacjoe_overflow_six_doors_small
D:6:      layout_cave_pools, lemuel_crystal_altar, gammafunk_ghost_stat_death
D:7:      layout_cave_pools, minmay_temple_entry_statues_fountains, serial_park,
          serial_park_avenue1, serial_park_square3
          [serial_park_minivault_5x5_6], serial_park_avenue1

Skill      XL: |  1  2  3  4  5  6  7  8 |
---------------+-------------------------+-----
Fighting       | 1 2 3 4 |  4.8
Dodging        | 2 3 4 5 |  5.1
Unarmed Combat | 3 4 5 |  5.2
Shapeshifting  | 3 4 5 |  5.1
Maces & Flails | 2 |  2.5
Shields        | 1 |  1.5

Action                     |  1- 3 |  4- 6 |  7- 9 || total
---------------------------+-------+-------+-------++-------
  Melee: Unarmed           |   169 |   113 |       ||   282
         Punch             |     4 |    18 |     6 ||    28
         Dagger            |       |   228 |    16 ||   244
         Flail             |       |       |    75 ||    75
  Throw: Javelin           |       |     3 |     2 ||     5
         Dart              |       |       |    12 ||    12
    Use: Scroll            |     4 |     9 |     3 ||    16
         Potion            |       |     3 |     6 ||     9
   Stab: Sleeping          |     2 |       |       ||     2
 Armour: Animal skin       |    63 |       |       ||    63
         Ring mail         |    21 |   145 |   106 ||   272
         Skin              |       |       |   110 ||   110
  Dodge: Dodged            |   120 |   151 |    93 ||   364
   Form: Beast             |     1 |     1 |       ||     2
                           |     1 |       |       ||     1

Table legend: (Time is in decaauts)
 A = Elapsed time spent in this place.
 B = Non-inter-level travel time spent in this place.
 C = Inter-level travel time spent in this place.
 D = Time resting spent in this place.
 E = Time spent auto-exploring this place.
 F = Levels seen in this place.
 G = Mean time per level.
                   A        B        C        D        E       F      G
               +--------+--------+--------+--------+--------+-----+--------+
         Total |   8113 |   7811 |    302 |   3305 |   2692 |   8 | 1014.1 |
       Dungeon |   6644 |   6342 |    302 |   2514 |   2514 |   7 |  949.1 |
       Ossuary |   1468 |   1468 |      0 |    791 |    178 |   1 | 1468.0 |
               +--------+--------+--------+--------+--------+-----+--------+

Top non-repeatable levels by time:
     D:4: 2236 daAuts
 Ossuary: 1468 daAuts
     D:5: 1139 daAuts
     D:6: 944 daAuts
     D:2: 853 daAuts
     D:3: 803 daAuts
     D:1: 660 daAuts
     D:7: 7 daAuts
